 Dungeon Crawl Stone Soup version 0.24-a0-132-ge4b1dce (console) character file.

Game seed: 16558715988399667933

128 Duffy the Chopper (level 5, -5/45 HPs)
             Began as a Naga Gladiator on Feb 27, 2019.
             Slain by a black bear (7 damage)
             ... on level 4 of the Dungeon.
             The game lasted 00:01:34 (864 turns).

Duffy the Chopper (Naga Gladiator)                   Turns: 864, Time: 00:01:34

Health: -5/45      AC:  5    Str: 17    XL:     5   Next: 11%
Magic:  5/5        EV:  8    Int:  9    God:
Gold:   64         SH:  0    Dex: 12    Spells: 4/4 levels left

rFire    . . .     SeeInvis +   a - +0 war axe
rCold    . . .     Gourm    .   (no shield)
rNeg     . . .     Faith    +   i - +0 scale mail (curse)
rPois    +         Spirit   .   c - +0 helmet
rElec    .         Reflect  .   (no cloak)
rCorr    .         Harm     .   (no gloves)
MR       .....                  (no barding)
Stlth    ..........             g - amulet of faith
HPRegen  0.15/turn              (no ring)
MPRegen  0.09/turn              (no ring)

@: very slow
A: large, see invisible, deformed body, poison resistance, slowness 2, slow
metabolism 1, spit poison 1, AC +1
a: Spit Poison


You were on level 4 of the Dungeon.
You were not hungry.

You visited 1 branch of the dungeon, and saw 4 of its levels.

You collected 64 gold pieces.

Inventory:

Hand Weapons
 a - a +0 war axe (weapon)
Missiles
 d - 3 throwing nets (quivered)
Armour
 c - a +0 helmet (worn)
 i - a cursed +0 scale mail (worn)
 n - a +1 leather armour of poison resistance
Jewellery
 g - an amulet of faith (around neck)
Wands
 m - a wand of iceblast (12)
Scrolls
 e - 3 scrolls of teleportation
 h - a scroll of identify {unknown}
 l - a scroll of noise {unknown}
Potions
 b - a potion of haste {unknown}
 j - a potion of curing {unknown}
 k - 2 potions of invisibility {unknown}
Comestibles
 f - 2 rations


   Skills:
 - Level 2.0 Fighting
 + Level 5.6 Axes
 - Level 1.7 Throwing
 - Level 2.4 Dodging


You had 4 spell levels left.
You didn't know any spells.
Your spell library was empty.

Dungeon Overview and Level Annotations

Branches:
Dungeon (4/15)
 Temple: D:4-7

Altars:
Gozag
Ru

Shops:
D:4 [


Innate Abilities, Weirdness & Mutations

You cannot wear boots.
Your serpentine skin is tough. (AC +1)
You have supernaturally acute eyesight. (SInv)
Armour fits poorly on your strangely shaped body.
Your system is resistant to poisons. (rPois)
You cover ground very slowly.
You have a slow metabolism.
You can spit poison.


Message History

The orc closely misses you.
You slash the orc!
You kill the orc!
You hit the worker ant. The worker ant completely misses you.
The worker ant barely misses you.
You slash the worker ant!
The worker ant is almost dead.
The worker ant bites you but does no damage.
You slash the worker ant!
You kill the worker ant!
You have reached level 5!
You hit the black bear.
The black bear is lightly wounded.
The black bear bites you.
The black bear claws you but does no damage.
The black bear misses you.
You slash the black bear!
The black bear is heavily wounded.
The black bear bites you!
You die...

#...........#.......#
#...............#...#
#.............##....#
###.............###...#
##......................#
.........................
......................
.......)h.............
.......@#.............
....#######>......... ..#
##........ #...... #...!
...


You could see a black bear.

Vanquished Creatures
  A worker ant (D:4)
  Ijyb (D:4)
  An orc wizard (D:4)
  An adder (D:2)
  An adder skeleton (D:4)
  A leopard gecko (D:2)
  4 orcs (D:4)
  5 giant cockroaches
  3 goblins (D:1)
  4 hobgoblins (D:1)
  2 jackals (D:2)
  5 bats (D:1)
  A frilled lizard (D:1)
  4 kobolds
  3 rats
37 creatures vanquished.

Notes
Turn   | Place    | Note
-------+----------+-------------------------------------------
     0 | D:1      | Duffy the Naga Gladiator began the quest for the Orb.
     0 | D:1      | Reached XP level 1. HP: 19/19 MP: 1/1
   175 | D:1      | Reached XP level 2. HP: 24/26 MP: 2/2
   429 | D:1      | Reached skill level 4 in Axes
   626 | D:1      | Reached XP level 3. HP: 32/32 MP: 3/3
   639 | D:1      | You fall through a shaft!
   739 | D:2      | Found a sacrificial altar of Ru.
   739 | D:2      | Found an opulent altar of Gozag.
   805 | D:4      | Noticed Ijyb
   814 | D:4      | Killed Ijyb
   814 | D:4      | Reached skill level 5 in Axes
   814 | D:4      | Reached XP level 4. HP: 9/39 MP: 4/4
   828 | D:4      | Found Sysmam's Armour Shop.
   851 | D:4      | Noticed a black bear
   862 | D:4      | Reached XP level 5. HP: 7/45 MP: 5/5
   863 | D:4      | HP: 2/45 [black bear (5)]
   864 | D:4      | Slain by a black bear

Levels and vault maps discovered:
D:1:      dpeg_arrival_prison, layout_rooms, chequers_serial_rivers_marsh
D:2:      layout_loops_ring, gammafunk_temple_overflow_wave,
          minmay_misc_feat_encased, chequers_arboretum
D:3:      layout_basic, old_standard_altar, grunt_temple_overflow_cloverleaf,
          first_ration, uniq_sigmund
D:4:      kennysheep_big_flooded_room, layout_layer_cave, serial_shops, shop,
          nicolae_ossuary_entry_catacombs, uniq_ijyb

Skill      XL: |  1  2  3 |
---------------+----------+-----
Axes           | 4 5 |  5.6
Fighting       | |  2.0
Throwing       | |  1.7
Dodging        | |  2.4

Action                   |  1- 3 |  4- 6 || total
-------------------------+-------+-------++-------
Melee: War axe           |    97 |     8 ||   105
  Use: Scroll            |     1 |       ||     1
Armor: Leather armour    |    50 |       ||    50
       Scale mail        |    20 |     4 ||    24
Dodge: Dodged            |    84 |     9 ||    93

Table legend:
 A = Non-vault XP
 B = Vault XP
 C = Vault XP percentage of total XP
 D = Non-vault monster count
 E = Vault monster count
 F = Vault count percentage of total count
                 A         B        C        D         E       F
            +---------+---------+-------+---------+---------+-------
      Total |     141 |      42 |  23.0 |      32 |       5 |  13.5
            +---------+---------+-------+---------+---------+-------
        D:1 |      27 |       7 |  20.6 |      18 |       4 |  18.2
        D:2 |      24 |       0 |   0.0 |       6 |       0 |   0.0
        D:3 |       1 |       0 |   0.0 |       1 |       0 |   0.0
        D:4 |      89 |      35 |  28.2 |       7 |       1 |  12.5
            +---------+---------+-------+---------+---------+-------
